Map: Киберлес РВ

Players

aram - Winner!

  • Race: Terran Terran
  • Spawn Location: 11:00

mark

  • Race: Zerg Zerg
  • Spawn Location: 5:00

VOD

Have the link to the VOD?

Description

Time

  • Played on: March 15, 2019, 1:50 a.m.
  • Length: 15:00
Show
View Real Time Build Order
Export as new Build Order

aram Terran - Winner!

Build Orders: 1/1/1 

Get SALT Encoding   

  12  0:01  SCV  
  13  0:13  SCV  
  14  0:22  Refinery  
  14  0:27  Supply Depot  
  14  0:28  SCV  
  15  0:48  SCV  
  16  0:51  Barracks  
  16  1:00  SCV  
  16  1:03  Supply Depot  
  17  1:12  SCV  
  18  1:25  SCV  
  19  1:37  Orbital Command  
  19  1:41  Factory  
  19  1:48  Barracks Tech Lab  
  19  1:57  Refinery  
  19  2:04  SCV  
  22  2:16  SCV  
  21  2:27  Starport  
  21  2:34  Barracks Reactor  
  21  2:36  Command Center  
  21  2:37  SCV  
  22  2:49  Siege Tank  
  25  2:59  SCV  
  26  3:07  Viking  
  28  3:31  Supply Depot, Siege Tank  
  28  3:32  Supply Depot  
  31  3:37  Starport Reactor  
  31  3:48  Orbital Command  
  31  3:50  Engineering Bay  
  31  3:57  Marine x2  
  33  4:05  Barracks  
  33  4:14  Marine  
  33  4:15  Marine  
  35  4:28  Orbital Command  
  35  4:36  Marine  
  35  4:37  Marine  
  37  4:49  Supply Depot  
  37  4:53  Barracks  
  37  4:54  Marine  
  37  4:55  Marine  
  39  5:03  SCV  
  39  5:05  SCV  
  41  5:11  Barracks Reactor  
  41  5:12  Marine x2  
  43  5:15  SCV  
  43  5:17  SCV  
  45  5:22  Missile Turret  
  45  5:27  SCV  
  46  5:29  SCV  
  46  5:30  Marine x2  
  49  5:37  Medivac  
  49  5:39  SCV  
  49  5:42  Barracks Reactor, Missile Turret  
  52  5:44  Barracks  
  52  5:47  Marine  
  52  5:48  Marine x3  
  56  5:52  SCV  
  56  5:55  Terran Infantry Weapons Level 1  
  57  6:00  Engineering Bay  
  57  6:05  Marine x3  
  57  6:06  Marine  
  61  6:17  Supply Depot  
  61  6:23  Marine x3  
  64  6:34  Barracks  
  64  6:35  Barracks Tech Lab  
  64  6:36  Marine  
  64  6:37  Marine x2  
  67  6:41  Supply Depot, Marine x3  
  60  6:54  Marine  
  60  6:55  Marine  
  54  7:04  Marine x2  
  54  7:05  Marine x2  
  57  7:11  Supply Depot  
  57  7:12  Marine x2  
  57  7:14  Siege Tank  
  62  7:22  Marine  
  50  7:31  Marine  
  50  7:32  Marine x4  
  50  7:34  Supply Depot  
  51  7:40  Marine  
  49  7:49  Marine x2  
  49  7:50  Marine x2  
  49  7:51  SCV  
  53  8:01  Marine x2  
  53  8:03  SCV  
  56  8:06  Medivac  
  56  8:07  Marine x3  
  56  8:08  Marine  
  56  8:09  Combat Shield  
  56  8:10  Barracks Tech Lab  
  62  8:15  SCV, Terran Infantry Armor Level 1  
  62  8:19  Armory  
  63  8:22  Armory  
  63  8:27  SCV  
  63  8:32  Refinery  
  63  8:33  Refinery  
  64  8:39  SCV  
  65  8:47  Marine x3  
  68  8:48  Marine  
  68  8:49  Marine x4  
  68  8:51  SCV  
  56  9:03  SCV  
  56  9:04  Marine  
  56  9:05  Marine x2  
  56  9:06  Marine  
  56  9:09  Marine  
  58  9:10  Marine x3  
  58  9:15  SCV  
  58  9:17  Missile Turret  
  63  9:19  Supply Depot  
  63  9:22  Marine  
  63  9:23  Marine x2, Medivac  
  68  9:24  Marine  
  68  9:27  Marine  
  68  9:28  Marine x3  
  73  9:37  Missile Turret  
  73  9:44  Supply Depot, Factory  
  73  9:47  Siege Tank  
  76  9:56  Stimpack  
  76  9:57  Missile Turret  
  76  9:58  Marine x2  
  76  9:59  Marine  
  79  10:06  Supply Depot  
  74  10:13  Marine x3  
  76  10:19  Siege Tank  
  79  10:29  Factory  
  79  10:43  Marine  
  79  10:44  Marine x5  
  85  10:51  Siege Tank  
  85  10:52  Command Center  
  72  11:40  Marine x6  
  72  11:41  Marine x2  
  74  11:51  Factory Tech Lab x2  
  74  11:55  Medivac x2  
  74  11:58  Marine x8  
  86  12:11  Orbital Command  
  86  12:14  SCV  
  87  12:15  Marine  
  87  12:19  Siege Tank  
  87  12:20  Siege Tank x2  
  97  12:26  SCV  
  97  12:38  SCV  
  68  12:49  Marine x3  
  68  12:50  SCV, Marine x4  
  71  12:52  Marine  
  71  12:54  Siege Tank x2  
  78  13:00  Widow Mine  
  78  13:02  SCV  
  81  13:15  Supply Depot  
  81  13:18  Marauder  
  81  13:19  Marauder  
  85  13:20  Marine  
  85  13:21  Marine  
  87  13:45  Marine, Marauder x2  
  87  13:46  Marine x2  
  87  13:48  Siege Tank x2  
  100  14:06  Marauder x2  
Show
View Real Time Build Order
Export as new Build Order

mark Zerg 

Build Orders: Hatch First 

Get SALT Encoding   

  12  0:02  Drone  
  13  0:09  Drone  
  14  0:18  Overlord  
  14  0:43  Hatchery  
  14  0:45  Drone  
  14  0:53  Drone  
  15  1:02  Drone  
  16  1:10  Spawning Pool  
  15  1:14  Drone  
  16  1:21  Extractor  
  15  1:27  Extractor  
  15  1:28  Drone  
  15  1:32  Overlord  
  15  1:46  Drone  
  16  1:54  Drone  
  17  1:56  Drone  
  18  2:03  Drone x2  
  18  2:06  Queen  
  22  2:15  Queen  
  22  2:20  Drone  
  25  2:29  Drone  
  26  2:30  Drone  
  26  2:34  Drone x2  
  29  2:52  Drone x2  
  29  2:57  Overlord  
  31  2:59  Overlord  
  31  3:16  Evolution Chamber  
  30  3:21  Zergling x2  
  30  3:22  Zergling x8  
  30  3:23  Zergling x2  
  30  3:24  Zergling x2  
  37  3:38  Metabolic Boost  
  37  3:42  Drone x2  
  39  3:54  Roach Warren  
  38  3:57  Evolution Chamber  
  37  4:18  Zerg Ground Armor Level 1  
  37  4:24  Lair  
  37  4:28  Spore Crawler  
  37  4:29  Drone  
  37  4:38  Overlord x2  
  37  4:53  Pneumatized Carapace  
  37  5:01  Roach  
  37  5:02  Roach x2  
  37  5:06  Overlord x3  
  43  5:26  Glial Reconstitution  
  43  5:31  Drone x2  
  45  5:37  Queen  
  45  5:39  Queen  
  49  5:43  Extractor x2  
  49  5:46  Roach  
  49  5:47  Roach x4  
  57  5:54  Spore Crawler  
  56  6:14  Hydralisk Den  
  56  6:16  Zerg Melee Weapons Level 1  
  56  6:17  Zerg Missile Weapons Level 1  
  55  6:21  Zergling x4  
  55  6:22  Zergling x4  
  55  6:23  Roach x4  
  58  7:06  Roach x2  
  58  7:07  Roach x3  
  64  7:41  Hatchery  
  61  8:03  Hydralisk x3  
  67  8:14  Zerg Missile Weapons Level 2, Zerg Ground Armor Level 2  
  67  8:18  Overlord x2  
  67  8:19  Overlord x2  
  67  8:45  Hydralisk x2  
  67  8:46  Hydralisk x4  
  47  9:16  Roach x7  
  59  9:37  Drone x2  
  61  9:48  Drone  
  61  9:49  Drone x6  
  68  10:23  Infestation Pit  
  67  10:30  Baneling Nest  
  67  10:31  Roach x3  
  67  10:32  Hydralisk x2, Roach x4  
  84  10:54  Queen  
  78  11:16  Grooved Spines  
  72  11:26  Hydralisk x4  
  72  11:27  Roach  
  72  11:28  Roach x5  
  56  11:59  Zergling x18  
  65  12:19  Baneling x6  
  65  12:23  Baneling x3  
  65  12:24  Baneling x8  
  65  12:25  Baneling  
  46  12:53  Drone x3  
  46  12:54  Queen  
  51  12:58  Centrifical Hooks  
  51  13:06  Drone x4  
  51  13:07  Drone x3  
  58  13:31  Muscular Augments  
  58  13:36  Drone  
  58  13:37  Drone x2  
  58  13:40  Zergling x14  
  58  13:41  Zergling x8  
  71  14:13  Baneling x13  
  71  14:14  Baneling x9  
Tags
 
Add a new tag
Caveats
  • Supply blocks, unpowered buildings, or Contaminate may cause inaccurate times.
  • Supply counts are checked every 10 seconds.